 Dungeon Crawl Stone Soup version 0.26-a0-546-g3c2127501a (webtiles) character file.

Game seed: 5905673756546121045

73360 ReteAZ the Fetichist (level 15, -8/103 HPs)
             Began as a Human Gladiator on Aug 19, 2020.
             Was the Champion of Hepliaklqana.
             Mangled by an ettin
             ... wielding a +1 dire flail of draining
              (32 damage)
             ... on level 14 of the Dungeon.
             The game lasted 00:55:33 (32277 turns).

ReteAZ the Fetichist (Human Gladiator)             Turns: 32277, Time: 00:55:33

Health: -8/103     AC: 35    Str: 15    XL:     15   Next: 89%
Magic:  15/15      EV:  9    Int: 11    God:    Hepliaklqana [******]
Gold:   246        SH:  0    Dex: 20    Spells: 14/14 levels left

rFire    + . .     SeeInvis .   a - +2 lajatang (spect)
rCold    + . .     Faith    .   (shield currently unavailable)
rNeg     + + .     Spirit   .   R - +10 crystal plate armour of Lightning Storm {+Inv rN+ Str-4}
rPois    +         Reflect  .   P - -2 hat of the Alchemist {rElec rPois rF+ rC+ rN+ MR+ rMut rCorr}
rElec    +         Harm     .   X - +1 cloak {rPois}
rCorr    +                      e - +2 pair of gloves
rMut     +                      U - +0 pair of boots
MR       ++...                  B - amulet of magic regeneration
Stlth    ..........             H - +6 ring of dexterity
HPRegen  0.27/turn              G - +4 ring of evasion
MPRegen  0.39/turn

@: lethally poisoned (-8 -> -9), studying 2 skills, lightly drained
A: reduced essence
a: Recall Ancestor, Ancestor Identity, Transference, Idealise, Renounce
Religion, Evoke Invisibility


You were on level 14 of the Dungeon.
You worshipped Hepliaklqana.
Hepliaklqana was exalted by your worship.
You visited 4 branches of the dungeon, and saw 23 of its levels.
You also visited: Sewer.

You collected 2994 gold pieces.
You spent 2748 gold pieces at shops.

Inventory:

Hand Weapons
 a - a +2 spectral lajatang (weapon)
 b - a +0 scimitar of flaming
 c - a +0 quarterstaff of freezing
 y - a +4 antimagic great mace
 A - the +5 dagger "Blob" {antimagic, *Noise Dex+2 SInv}
   (You took it off an orc priest on level 9 of the Dungeon)

   It reduces the magical energy of the wielder, and disrupts the spells and
   magical abilities of those hit.
   Natural abilities and divine invocations are not affected.
   It affects your dexterity (+2).
   It lets you see invisible.
   It may make noises in combat.
Missiles
 I - a throwing net (quivered)
 K - 6 javelins
Armour
 e - a +2 pair of gloves (worn)
 C - a +0 plate armour of fire resistance
 P - the -2 hat of the Alchemist (worn) {rElec rPois rF+ rC+ rN+ MR+ rMut rCorr}
   (You found it on level 12 of the Dungeon)

   It protects you from fire.
   It protects you from cold.
   It insulates you from electricity.
   It protects you from poison.
   It protects you from negative energy.
   It affects your resistance to hostile enchantments.
   It provides partial protection from all sources of acid and corrosion.
   It protects you from mutation.
 R - the +10 crystal plate armour of Lightning Storm (worn) {+Inv rN+ Str-4}
   (You found it on level 6 of the Lair of Beasts)

   It affects your strength (-4).
   It protects you from negative energy.
   It lets you turn invisible.
 U - a +0 pair of boots (worn)
 W - the +1 ice dragon scales of Elyvilon's Generosity {rF- rC++ Stlth+}
   (You found it on level 6 of the Lair of Beasts)

   It makes you vulnerable to fire.
   It greatly protects you from cold.
   It makes you more stealthy.
 X - a +1 cloak of poison resistance (worn)
Jewellery
 w - an uncursed ring of positive energy
 B - an amulet of magic regeneration (around neck)
 G - a +4 ring of evasion (right hand)
 H - a +6 ring of dexterity (left hand)
Wands
 u - a wand of digging (15)
 E - a wand of flame (86)
 F - a wand of acid (2)
 J - a wand of polymorph (11)
 L - a wand of disintegration (12)
 S - a wand of paralysis (10)
Scrolls
 d - 2 scrolls of amnesia
 f - 10 scrolls of remove curse
 g - 4 scrolls of teleportation
 h - 3 scrolls of immolation
 i - a scroll of fog
 k - 9 scrolls of identify
 t - 2 scrolls of enchant armour
 D - 2 scrolls of vulnerability
 O - a scroll of enchant weapon
 V - 2 scrolls of magic mapping
Potions
 j - 2 potions of haste
 l - a potion of lignification
 n - 2 potions of invisibility
 o - 8 potions of brilliance
 p - 2 potions of cancellation
 q - 4 potions of stabbing
 r - 5 potions of curing
 s - 9 potions of might
 v - 2 potions of resistance
 x - 2 potions of heal wounds
 z - 2 potions of flight
 N - 2 potions of magic
 Q - 2 potions of mutation
 T - a potion of berserk rage
Books
 m - a manual of Staves
 Y - a manual of Evocations
Miscellaneous
 M - a condenser vane (2/2)


   Skills:
 - Level 10.0(9.7) Fighting
 + Level 15.1(14.9) Staves
 - Level 2.0(1.8) Throwing
 - Level 10.0(9.7) Armour
 - Level 10.0(9.7) Dodging
 + Level 16.6(16.3) Evocations


You had 14 spell levels left.
You didn't know any spells.
Your spell library contained the following spells:

 Spells                   Type           Power        Failure   Level
 Animate Skeleton         Necr           #.....       100%        1
 Apportation              Tloc           #.....       100%        1
 Beastly Appendage        Tmut           #.....       100%        1
 Corona                   Hex            #......      100%        1
 Foxfire                  Conj/Fire      #...         100%        1
 Shock                    Conj/Air       #...         100%        1
 Summon Small Mammal      Summ           #...         100%        1
 Swiftness                Air            #.......     100%        2
 Wereblood                Tmut           #.......     100%        2
 Conjure Flame            Conj/Fire      #.......     100%        3
 Inner Flame              Hex/Fire       #.......     100%        3
 Spider Form              Tmut/Pois      #.........   100%        3
 Static Discharge         Conj/Air       #.......     100%        3
 Airstrike                Air            #.........   100%        4
 Ice Form                 Ice/Tmut       #.......     100%        4
 Sticky Flame             Conj/Fire      #.......     100%        4
 Blade Hands              Tmut           #.........   100%        5
 Fireball                 Conj/Fire      #.........   100%        5
 Lightning Bolt           Conj/Air       #.........   100%        5
 Ignition                 Fire           #.........   100%        8
 Shatter                  Erth           #.........   100%        9
 Tornado                  Air            #.........   100%        9


Dungeon Overview and Level Annotations

Branches:
Dungeon (14/15)            Temple (1/1) D:6            Lair (6/6) D:9
  Swamp (0/4) Lair:3        Snake (0/4) Lair:3        Slime (0/5) Lair:6
    Orc (2/2) D:9             Elf (0/3) Orc:2        Vaults (0/5) D:13
  Sewer (visited)

Altars:
Ashenzari
Cheibriados
Dithmenos
Elyvilon
Fedhas
Gozag
Hepliaklqana
Kikubaaqudgha
Makhleb
Nemelex Xobeh
Okawaru
Qazlal
Ru
Sif Muna
Trog
Uskayaw
Vehumet
Wu Jian
Xom
Yredelemnul
Zin
The Shining One
Beogh

Shops:
D:13 !}:(   Orc:1 *   Orc:2 [*(=!

Annotations:
D:3 3 runed translucent doors, oberejnoburuli's ghost, amateur DsFi
D:4 2 transporters, voshxx's ghost, amateur GrFE
Lair:1 2 transporters, rtg's ghost, journeyman MiFi
Lair:2 3 runed translucent doors, Suethroe's ghost, journeyman KoBe
Lair:4 3 runed translucent doors, feta's ghost, journeyman HOFi


Message History

Your life force feels restored.
You feel sick.
Your spectral weapon fades away.
You slash the ettin!
You draw out your weapon's spirit!
The ettin is moderately wounded.
The ettin hits you but does no damage. You partially resist.
You feel drained. The ettin barely misses you.
You slice the ettin!!
The ettin is heavily wounded.
You slash the ettin!
The ettin is almost dead.
The ettin closely misses you.
The ettin hits you with a +0 dire flail!
Your crystal plate armour of Lightning Storm prevents you from hitting the ettin.
The ettin is almost dead.
The ettin hits you with a +1 dire flail of draining!!
* * * LOW HITPOINT WARNING * * *
You partially resist.
You feel drained.
The ettin hits you with a +0 dire flail!!
You die...

#.# ♣♣≈♣♣ ♣♣≈♣♣ #.# #.# #'# ###
#.# #.# ♣♣≈♣♣ ≈ #.. #.# ♣♣≈≈≈♣♣
≈≈ ### #.# ♣♣≈≈†)≈♣♣ ≈≈≈ #.#
♣♣≈≈≈≈≈≈≈♣♣ ≈≈≈ #.#♣♣≈≈♣≈≈≈♣≈≈♣♣
≈≈♣≈≈ #.#♣≈≈≈≈.[.≈≈≈≈♣#♣y≈≈≈.)
#.#≈≈≈≈≈.♣.≈≈≈≈(@Ccy≈≈:♣
#.#♣≈≈≈≈.))≈≈≈≈♣#♣;≈≈≈.)
#.#♣♣≈≈♣≈≈≈♣≈≈♣♣ ≈≈♣≈≈ #.#
♣♣≈≈≈≈≈≈≈♣♣ ≈≈≈ #.# ♣♣≈≈≈≈≈♣♣ ≈≈≈
#.# ♣♣≈≈≈♣♣ ≈≈ #R# ♣♣≈♣♣ ≈
#.###############################
#..............................#.


You could see an ettin, a centaur warrior, 2 vampire mosquitoes, an electric eel
and a friendly +2 spectral lajatang (summoned).

Vanquished Creatures
  Saint Roka (Orc:2)
  Rupert (D:13)
  A tengu reaver (D:14)
  3 dire elephants (Lair:6)
  Fannar (D:11)
  2 hydras
  An anaconda (Lair:6)
  5 centaur warriors
  2 two-headed ogres
  2 death yaks
  Urug (D:13)
  3 orc high priests
  A spriggan (Lair:2)
  An unseen horror (D:13)
  2 orc knights
  An orc sorcerer (Orc:2)
  2 ugly things
  2 cyclopes
  8 elephants
  Joseph (D:7)
  5 black mambas
  4 cane toads
  A centaur skeleton (D:14)
  2 efreet (D:14)
  10 komodo dragons
  3 trolls
  A polar bear (Lair:5)
  A meliai (D:14)
  A tengu conjurer (D:13)
  3 hornets
  A meliai zombie (D:14)
  11 blink frogs
  4 slime creatures (D:14)
  3 bog bodies (Lair:3)
  5 dream sheep (Lair:5)
  8 hippogriffs
  4 wraiths
  5 wyverns
  21 yaks
  15 humans (D:13)
  A basilisk (Lair:2)
  2 vampire mosquitoes (D:14)
  5 wargs
  5 nagas (Lair:3)
  A swamp worm (Lair:3)
  6 water moccasins
  A black bear (D:7)
  5 porcupines
  3 ice beasts
  40 orc warriors
  2 sky beasts
  A phantom (D:12)
  24 wolves
  4 ogres
  9 centaurs
  5 crocodiles
  4 big kobolds
  16 bullfrogs
  A wyvern skeleton (D:13)
  6 scorpions
  8 wights
  5 electric eels
  3 howler monkeys
  4 hounds
  14 jellies
  18 orc priests
  A bullfrog skeleton (D:6)
  5 iguanas
  26 orc wizards
  A hell rat (D:9)
  2 worker ants
  2 hound zombies
  2 hound skeletons
  Robin (D:1)
  10 adders
  8 gnolls
  7 river rats
  An ooze (D:1)
  An adder zombie (D:5)
  2 adder skeletons (D:8)
  2 dart slugs (D:1)
  6 leopard geckos (D:3)
  72 orcs
  7 ball pythons
  4 giant cockroaches
  16 goblins
  6 hobgoblins
  9 jackals
  3 quokkas
  3 bats
  4 frilled lizards
  30 kobolds
  2 quokka skeletons
  27 rats
  A fungus (Lair:2)
  6 plants
609 creatures vanquished.

Vanquished Creatures (collateral kills)
  Josephine (D:11)
  2 hydras
  Erica (D:8)
  A death yak (D:8)
  An unseen horror (D:11)
  A manticore (D:14)
  An elephant (Lair:4)
  A cyclops (D:14)
  3 black mambas
  A cane toad (Lair:3)
  A centaur skeleton (D:13)
  A komodo dragon (Lair:4)
  A troll (D:10)
  4 blink frogs
  A hippogriff (D:9)
  A centaur simulacrum (D:13)
  A vampire (D:9)
  2 wyverns
  A human (D:13)
  A porcupine (Lair:2)
  3 orc warriors
  2 ice beasts
  An ogre (D:9)
  6 wolves (Lair:2)
  A centaur (D:10)
  A crocodile (Lair:4)
  A big kobold (D:9)
  3 bullfrogs
  A wight (D:10)
  2 howler monkeys (D:8)
  A centaur zombie (D:9)
  4 jellies
  A hound (D:8)
  An orc priest (D:9)
  7 orc wizards
  A hell rat (D:9)
  A hound zombie (D:7)
  A worker ant zombie (D:7)
  An adder (D:8)
  A gnoll (Orc:2)
  An ufetubus (D:10)
  22 orcs
  2 jackals (D:8)
  5 quokkas
  8 kobolds
  A fungus (Lair:6)
  A plant (Lair:6)
107 creatures vanquished.

Vanquished Creatures (others)
  18 hexers
  4 ancestors
  8 fungi
  6 plants
36 creatures vanquished.

Grand Total: 752 creatures vanquished

Notes
Turn   | Place    | Note
-------+----------+-------------------------------------------
     0 | D:1      | ReteAZ the Human Gladiator began the quest for the Orb.
     0 | D:1      | Reached XP level 1. HP: 16/16 MP: 1/1
   333 | D:1      | Reached XP level 2. HP: 22/22 MP: 2/2
   520 | D:1      | Reached XP level 3. HP: 25/27 MP: 3/3
  1171 | D:2      | Noticed Robin
  1391 | D:1      | Killed Robin
  1391 | D:1      | Reached XP level 4. HP: 24/34 MP: 4/4
  2358 | D:3      | Found a glowing drain.
  2370 | D:3      | Reached XP level 5. HP: 36/40 MP: 5/5
  2376 | Sewer    | Entered a sewer
  2632 | Sewer    | Noticed a big kobold
  2649 | Sewer    | Killed a big kobold
  2649 | Sewer    | Reached XP level 6. HP: 25/47 MP: 6/6
  2871 | Sewer    | Reached skill level 5 in Staves
  3591 | D:3      | Found an iron altar of Okawaru.
  3611 | D:3      | Found a runed translucent gate.
  3611 | D:3      | Found a runed translucent gate.
  3613 | D:3      | Found a runed translucent gate.
  3614 | D:3      | Noticed oberejnoburuli's ghost (amateur DsFi)
  3615 | D:3      | Identified the +5 ring mail "Daleimom" {Dex+4}
  3617 | D:3      | Found a roughly hewn altar of Beogh.
  4289 | D:4      | Reached XP level 7. HP: 35/53 MP: 7/7
  4461 | D:4      | Found a sacrificial altar of Ru.
  4565 | D:4      | Noticed voshxx's ghost (amateur GrFE)
  4566 | D:4      | Found a transporter.
  4567 | D:4      | Identified the cursed +1 dire flail of the Shining Light
                  | {freeze, rN+ Int+4 SInv}
  4570 | D:4      | Found a transporter.
  4759 | D:5      | Entered Level 5 of the Dungeon
  5276 | D:5      | Found a blossoming altar of Fedhas.
  5612 | D:6      | Noticed a +0 dagger
  5618 | D:6      | Noticed a +0 dagger
  5634 | D:6      | Found a hide-covered altar of Uskayaw.
  5873 | D:6      | Reached skill level 5 in Dodging
  5954 | D:6      | Reached XP level 8. HP: 61/61 MP: 8/8
  6606 | D:6      | Found an opulent altar of Gozag.
  6814 | D:6      | Found a staircase to the Ecumenical Temple.
  6874 | Temple   | Entered the Ecumenical Temple
  7067 | Temple   | Became a worshipper of Hepliaklqana the Forgotten
  7232 | D:7      | Reached skill level 5 in Fighting
  7782 | D:7      | Noticed Joseph
  7807 | D:7      | Killed Joseph
  7807 | D:7      | Reached XP level 9. HP: 8/62 MP: 9/9
  8202 | D:7      | Found a shattered altar of Ashenzari.
  8286 | D:7      | Got an ancient steel amulet
  8382 | D:7      | Identified the amulet "Rywn" {Inacc rPois Int+3} (You found
                  | it on level 7 of the Dungeon)
  8421 | D:8      | Reached * piety under Hepliaklqana
  9018 | D:8      | Noticed a hippogriff
  9037 | D:8      | Killed a hippogriff
  9208 | D:8      | Noticed a two-headed ogre
  9219 | D:8      | Noticed Erica
  9232 | D:8      | Killed a two-headed ogre
  9232 | D:8      | Reached XP level 10. HP: 69/69 MP: 10/10
  9319 | D:8      | Reached skill level 10 in Staves
  9781 | D:8      | Killed Erica
 10492 | D:9      | HP: 1/72 [vampire (11)]
 10691 | D:9      | Found a shimmering blue altar of Sif Muna.
 10891 | D:9      | Reached ** piety under Hepliaklqana
 10893 | D:9      | Identified the +5 dagger "Blob" {antimagic, *Noise Dex+2
                  | SInv}
 10898 | D:9      | Remembered your ancestor Ealdgyð as a hexer
 11495 | D:9      | Found a staircase to the Lair.
 11495 | D:9      | Noticed a death yak
 11499 | D:9      | Noticed a death yak
 11499 | D:9      | Noticed a death yak
 11588 | D:8      | Killed a death yak
 11863 | D:9      | Reached XP level 11. HP: 34/77 MP: 11/11
 12479 | D:9      | Found a staircase to the Orcish Mines.
 13011 | D:8      | Killed a death yak
 13196 | D:10     | Entered Level 10 of the Dungeon
 13998 | D:10     | Reached skill level 1 in Armour
 14566 | Lair:1   | Entered Level 1 of the Lair of Beasts
 14659 | Lair:1   | Found a transporter.
 14661 | Lair:1   | Found a transporter.
 14705 | Lair:1   | Reached *** piety under Hepliaklqana
 14707 | Lair:1   | Identified the cursed +0 trident of Zin's Outrage
                  | {antimagic, Int+3}
 14707 | Lair:1   | Noticed a spriggan rider
 14708 | Lair:1   | Noticed rtg's ghost (journeyman MiFi)
 14713 | Lair:1   | Found a bloodstained altar of Trog.
 14715 | Lair:1   | Noticed a moth of wrath
 14722 | Lair:1   | Identified the cursed +0 spear of Cheese {elec, Int+2
                  | Stlth+}
 14722 | Lair:1   | Noticed a spriggan rider
 14915 | Lair:1   | You fall into a shaft and drop 1 floor!
 14916 | Lair:2   | Noticed a spriggan rider
 15306 | Lair:1   | Reached XP level 12. HP: 31/85 MP: 12/12
 16225 | D:11     | Killed an unseen horror
 16225 | D:11     | Reached skill level 1 in Evocations
 16282 | D:11     | Reached **** piety under Hepliaklqana
 16319 | D:11     | Noticed Josephine
 16333 | D:11     | Killed Josephine
 16343 | D:11     | HP: 3/86 [wraith[Josephine] (6)]
 16347 | D:11     | Noticed Fannar
 16433 | D:9      | HP: 4/86 [death yak (14)]
 16435 | D:9      | Killed a death yak
 16947 | Lair:1   | Reached skill level 2 in Evocations
 17100 | Lair:2   | Killed a spriggan rider
 17100 | Lair:2   | Reached skill level 10 in Dodging
 17109 | Lair:2   | Noticed a five-headed hydra
 17121 | Lair:2   | Killed a one-headed hydra
 17159 | Lair:2   | Reached skill level 3 in Evocations
 17436 | Lair:2   | Reached skill level 10 in Fighting
 17646 | Lair:2   | Reached skill level 5 in Armour
 17777 | Lair:2   | Reached XP level 13. HP: 38/92 MP: 13/13
 18086 | Lair:2   | Found a runed translucent gate.
 18086 | Lair:2   | Found a runed translucent gate.
 18087 | Lair:2   | Found a runed translucent gate.
 18095 | Lair:2   | Noticed a minotaur
 18096 | Lair:2   | Noticed Suethroe's ghost (journeyman KoBe)
 18097 | Lair:2   | Noticed a six-headed hydra
 18139 | Lair:2   | Reached skill level 4 in Evocations
 18713 | Lair:3   | Found a staircase to the Snake Pit.
 18808 | Lair:3   | Reached ***** piety under Hepliaklqana
 18825 | Lair:3   | Noticed a seven-headed hydra
 18834 | Lair:3   | Killed a three-headed hydra
 19108 | Lair:3   | Reached skill level 5 in Evocations
 19645 | Lair:3   | Reached skill level 6 in Evocations
 19986 | Lair:3   | Found a staircase to the Swamp.
 20244 | Lair:4   | Found a runed translucent gate.
 20245 | Lair:4   | Found a runed translucent gate.
 20246 | Lair:4   | Found a runed translucent gate.
 20247 | Lair:4   | Noticed a four-headed hydra
 20252 | Lair:4   | Noticed feta's ghost (journeyman HOFi)
 20278 | Lair:4   | Noticed a minotaur
 20295 | Lair:4   | Reached skill level 7 in Evocations
 20386 | Lair:4   | Reached skill level 8 in Evocations
 20728 | Lair:4   | Reached skill level 9 in Evocations
 21673 | Lair:5   | Noticed a four-headed hydra
 21682 | Lair:5   | Killed a one-headed hydra
 21682 | Lair:5   | Reached skill level 10 in Evocations
 22255 | Lair:6   | Entered Level 6 of the Lair of Beasts
 22516 | Lair:6   | Noticed a seven-headed hydra
 22531 | Lair:6   | Killed a five-headed hydra
 22531 | Lair:6   | Reached XP level 14. HP: 67/99 MP: 14/14
 22719 | Lair:6   | Reached skill level 11 in Evocations
 22750 | Lair:6   | Found a staircase to the Slime Pits.
 23615 | Lair:6   | Identified a scroll of acquirement
 23615 | Lair:6   | Acquired 700 gold pieces
 23866 | Lair:6   | Reached skill level 12 in Evocations
 24085 | Lair:6   | Noticed a dire elephant
 24085 | Lair:6   | Noticed a dire elephant
 24096 | Lair:6   | Killed a dire elephant
 24118 | Lair:6   | Killed a dire elephant
 24315 | Lair:6   | Noticed a dire elephant
 24321 | Lair:6   | Killed a dire elephant
 24451 | Lair:6   | Got a slimy crystal plate armour
 24462 | Lair:6   | Identified the +10 crystal plate armour of Lightning Storm
                  | {+Inv rN+ Str-4} (You found it on level 6 of the Lair of
                  | Beasts)
 24463 | Lair:6   | Got faintly humming ice dragon scales
 24474 | Lair:6   | Identified the cursed +1 ice dragon scales of Elyvilon's
                  | Generosity {rF- rC++ Stlth+} (You found it on level 6 of
                  | the Lair of Beasts)
 24667 | Orc:1    | Entered Level 1 of the Orcish Mines
 25006 | Orc:1    | You fall into a shaft and drop 1 floor!
 25006 | Orc:2    | Entered Level 2 of the Orcish Mines
 25465 | Orc:2    | Reached ****** piety under Hepliaklqana
 25469 | Orc:2    | Reached skill level 13 in Evocations
 25787 | Orc:2    | Found a staircase to the Elven Halls.
 25905 | Orc:2    | Found a roughly hewn altar of Beogh.
 25916 | Orc:2    | Found a roughly hewn altar of Beogh.
 26312 | Orc:2    | Found a roughly hewn altar of Beogh.
 26367 | Orc:2    | Found a roughly hewn altar of Beogh.
 26368 | Orc:2    | Found Geshrut's Jewellery Emporium.
 26498 | Orc:2    | Found a roughly hewn altar of Beogh.
 26524 | Orc:2    | Found a roughly hewn altar of Beogh.
 26525 | Orc:2    | Found Muoss's Distillery.
 26543 | Orc:2    | Bought a potion of heal wounds for 60 gold pieces
 26543 | Orc:2    | Bought a potion of heal wounds for 60 gold pieces
 26543 | Orc:2    | Bought a potion of curing for 36 gold pieces
 26543 | Orc:2    | Bought a potion of curing for 36 gold pieces
 26543 | Orc:2    | Bought a potion of curing for 36 gold pieces
 26801 | Orc:2    | Found Himm's General Store.
 26816 | Orc:2    | Bought a scroll of acquirement for 624 gold pieces
 26816 | Orc:2    | Acquired a manual of Evocations
 26865 | Orc:2    | Noticed Saint Roka
 26879 | Orc:1    | Found Ceett's Commerce Corner.
 26894 | Orc:1    | HP: 1/99 [troll (8)]
 27773 | Orc:2    | Killed Saint Roka
 27773 | Orc:2    | Reached skill level 14 in Evocations
 27773 | Orc:2    | Reached XP level 15. HP: 41/103 MP: 15/15
 28150 | Orc:2    | Found Wurho's Antique Armour Emporium.
 28153 | Orc:2    | Found Obor's Antique Weapon Shoppe.
 28154 | Orc:2    | Found a roughly hewn altar of Beogh.
 28162 | Orc:2    | Bought a glowing cloak for 202 gold pieces
 28313 | D:11     | Killed Fannar
 28852 | D:12     | Found the -2 hat of the Alchemist {rElec rPois rF+ rC+ rN+
                  | MR+ rMut rCorr}
 29181 | D:13     | Found a gate to the Vaults.
 29181 | D:13     | Noticed Rupert
 29181 | D:13     | Noticed Urug
 29208 | D:13     | Found Kuaq's Book Shop.
 29521 | D:13     | Found Maduap's Gadget Shop.
 29543 | D:13     | Killed Urug
 29598 | D:13     | Reached skill level 15 in Evocations
 29724 | D:13     | Killed Rupert
 30057 | D:13     | Bought a manual of Staves for 1324 gold pieces
 30094 | D:13     | Bought a condenser vane (2/2) for 300 gold pieces
 30127 | D:13     | Found Kocug's Distillery.
 30155 | D:13     | Bought a potion of heal wounds for 70 gold pieces
 30193 | D:13     | Reached skill level 10 in Armour
 30560 | D:13     | Found Cingoigg's Antique Weapon Shop.
 30763 | D:14     | Reached skill level 16 in Evocations
 31109 | D:14     | Found a stormy altar of Qazlal.
 32235 | D:14     | Noticed a tengu reaver
 32236 | D:14     | Identified the +5 broad axe "Ytsyko" {venom, rElec rN+ MR-}
 32247 | D:14     | Reached skill level 15 in Staves
 32273 | D:14     | Killed a tengu reaver
 32277 | D:14     | Mangled by an ettin

Illustrated notes

Levels and vault maps discovered:
D:1:      mrwooster_arrival_statue_2, layout_rooms
D:2:      minmay_door_path, layout_loops_ring, uniq_robin
D:3:      layout_loops_ring, overflow_temple_1_default, gup_sewer_entry_pipe,
          biasface_ghost_orc_armoury
D:4:      layout_basic, nicolae_ru_the_path_less_chosen, gammafunk_ghost_smash,
          small_statue_intersection
D:5:      layout_gridville, fedhas_altar_1
D:6:      layout_cave_pools, dancing_weapons_uskayaw, grunt_gozag_statues,
          minmay_temple_entry_water_ring
D:7:      layout_gridville, kennysheep_little_box, minmay_crossroads,
          uniq_joseph
D:8:      layout_gridville, uniq_erica
D:9:      layout_roguey, kennysheep_mini, dpeg_lair_monsters, erik_orc_4,
          minmay_quadrilaterals
D:10:     minmay_flawed_box, layout_cave_pools
D:11:     layout_gridville, uniq_fannar, uniq_josephine
D:12:     layout_cave_pools
D:13:     layout_long_grid, david_vaults_3, serial_shops, shop, shop, shop,
          nicolae_shop_waterfront, minmay_fractal_squares_5
D:14:     kennysheep_four_of_diamonds, layout_basic,
          hangedman_decor_clover_reticule, nicolae_qazlal_eye_of_the_storm
Temple:   regret_index_temple_generic_petals
Lair:1:   layout_regular_city, gammafunk_ghost_wrathful_warriors,
          lemuel_fruit_tree
Lair:2:   layout_regular_city, maelrawn_ghost_gauntlet_escape,
          grunt_forest_large_clearings
Lair:3:   layout_roguey, nicolae_swamp_entry_splash_gauntlet,
          minmay_snake_entry_guardpost_medium, infiniplex_staircase_pool_2
Lair:4:   layout_regular_city, maelrawn_ghost_gauntlet_escape, pond
Lair:5:   layout_roguey, chequers_serial_rivers_room_b, st_stairs_12
Lair:6:   due_jungle_book, layout_gridlike, minmay_slime_entry_jelly_boxes,
          grunt_forest_stairs_basic, serial_bayou_shore_a
Orc:1:    layout_caves, nicolae_alphabet_shops
Orc:2:    grunt_orc_community_town_hall, layout_caves,
          grunt_orc_community_big_house_1, grunt_orc_community_big_house_1,
          grunt_orc_community_house_2, grunt_orc_community_house_1,
          grunt_orc_community_house_3, grunt_orc_community_house_2,
          grunt_orc_community_house_2, serial_shops, shop

Skill      XL: |  1  2  3  4  5  6  7  8  9 10 11 12 13 14 15 |
---------------+----------------------------------------------+-----
Staves         | 4 5 6 8 9 11 12 13 14 15 | 15.1
Fighting       | 3 4 5 6 8 9 10 | 10.0
Dodging        | 4 5 6 7 8 9 10 | 10.0
Armour         | 2 5 6 8 10 | 10.0
Evocations     | 3 10 14 16 | 16.6
Throwing       | |  2.0

Action                   |  1- 3 |  4- 6 |  7- 9 | 10-12 | 13-15 || total
-------------------------+-------+-------+-------+-------+-------++-------
Melee: Dagger            |    90 |   312 |   245 |   454 |       ||  1101
       Quarterstaff      |     4 |       |    78 |   159 |       ||   241
       Rapier            |       |       |     2 |       |       ||     2
       Lajatang          |       |       |       |   146 |  1080 ||  1226
       Scimitar          |       |       |       |     7 |    17 ||    24
Throw: Throwing net      |       |       |     1 |     4 |       ||     5
       Javelin           |       |       |       |     5 |       ||     5
Invok: Recall Ancestor   |       |       |     2 |     2 |     7 ||    11
       Ancestor Life: He |       |       |       |     1 |       ||     1
       Transference      |       |       |       |       |     1 ||     1
Evoke: Wand              |       |       |       |     3 |       ||     3
  Use: Scroll            |       |       |       |    19 |    18 ||    37
       Potion            |       |       |       |    17 |     6 ||    23
 Stab: Distracted        |       |       |     2 |    10 |     8 ||    20
       Held in net/web   |       |       |     1 |       |       ||     1
       Confused          |       |       |       |    10 |    10 ||    20
       Paralysed         |       |       |       |       |    14 ||    14
Armor: Scale mail        |    37 |   191 |   156 |   124 |       ||   508
       Leather armour    |     1 |       |       |       |       ||     1
       Ring mail         |       |       |       |    75 |    77 ||   152
       Crystal plate arm |       |       |       |       |   540 ||   540
Dodge: Dodged            |    56 |   217 |   259 |   774 |   511 ||  1817
       Rpst.: Scimitar   |       |       |       |     3 |     4 ||     7

Table legend: (Time is in decaauts)
 A = Elapsed time spent in this place.
 B = Non-inter-level travel time spent in this place.
 C = Inter-level travel time spent in this place.
 D = Time resting spent in this place.
 E = Time spent auto-exploring this place.
 F = Levels seen in this place.
 G = Mean time per level.
                   A        B        C        D        E       F      G
               +--------+--------+--------+--------+--------+-----+--------+
         Total |  32030 |  30730 |   1300 |   7518 |  17489 |  24 | 1334.6 |
       Dungeon |  18164 |  17368 |    796 |   4062 |   9943 |  14 | 1297.4 |
        Temple |    229 |    175 |     54 |      0 |    173 |   1 |  229.0 |
          Lair |   9148 |   8767 |    381 |   2389 |   4913 |   6 | 1524.7 |
  Orcish Mines |   3292 |   3224 |     68 |    956 |   1668 |   2 | 1646.0 |
         Sewer |   1194 |   1194 |      0 |    111 |    791 |   1 | 1194.0 |
               +--------+--------+--------+--------+--------+-----+--------+

Top non-repeatable levels by time:
     D:9: 2589 daAuts
     D:8: 2566 daAuts
  Lair:6: 2263 daAuts
    D:13: 1968 daAuts
  Lair:2: 1828 daAuts
   Orc:2: 1698 daAuts
   Orc:1: 1594 daAuts
  Lair:3: 1537 daAuts
  Lair:1: 1407 daAuts
    D:10: 1394 daAuts
     D:7: 1305 daAuts
     D:5: 1284 daAuts
   Sewer: 1194 daAuts
     D:6: 1134 daAuts
  Lair:4: 1121 daAuts
